[Event "DLM Youth 2024"]
[Site "Tuebingen"]
[Date "2024.10.04"]
[Round "4"]
[White "Vranckx, Oscar"]
[Black "Sickmann, Lisa"]
[Result "0-1"]
[ECO "B30"]
[WhiteElo "1933"]
[BlackElo "1946"]
[Annotator "NA RC"]
[PlyCount "56"]
[EventDate "2024.10.03"]
[EventType "team-swiss"]
[EventRounds "7"]
[EventCountry "GER"]
[SourceTitle "playchess.com"]
[Source "ChessBase"]
[SourceQuality "1"]
[TimeControl "40/5400+30:1800+30"]

1. e4 c5 2. Nf3 e6 3. Nc3 Nc6 4. Bb5 Nge7 5. d4 cxd4 6. Nxd4 Ng6 7. O-O Bc5 8. Be3 Qe7 9. Qd2 O-O 10. Rae1 a6 11. Be2 b5 12. f4 Nxd4 13. Bxd4 Qd6 14. Rd1 Nxf4 15. Bf3 Ng6 16. Qf2 Bxd4 17. Rxd4 Qb6 18. Rfd1 Ne5 19. b3 Bb7 20. Ne2 Rac8 21. c3 f5 22. Qg3 Nc6 23. Qd6 e5 24. exf5 exd4 25. cxd4 Qc7 26. Bd5+ Kh8 27. Qa3 Rxf5 28. Be4 Rf6 0-1

[Event "DLM Youth 2024"]
[Site "Tuebingen"]
[Date "2024.10.04"]
[Round "4"]
[White "Wilmink, Anna"]
[Black "Kateryniuk, Ivan"]
[Result "1-0"]
[ECO "C42"]
[WhiteElo "1927"]
[BlackElo "1860"]
[Annotator "RC"]
[PlyCount "34"]
[EventDate "2024.10.03"]
[EventType "team-swiss"]
[EventRounds "7"]
[EventCountry "GER"]
[SourceTitle "playchess.com"]
[Source "ChessBase"]
[SourceQuality "1"]
[TimeControl "40/5400+30:1800+30"]

1. e4 e5 2. Nf3 Nf6 3. Nxe5 d6 4. Nf3 Nxe4 5. d4 d5 6. Bd3 Bd6 7. c4 c6 8. Nc3 Nxc3 9. bxc3 Bg4 10. Qe2+ Qe7 11. Qxe7+ Bxe7 12. cxd5 cxd5 13. Ne5 Bd7 14. Nxd7 Nxd7 15. Bf4 O-O 16. Rb1 b6 17. Kd2 Nf6 1-0

[Event "DLM Youth 2024"]
[Site "Tuebingen"]
[Date "2024.10.04"]
[Round "4"]
[White "Junge, Mattheo Gabriel"]
[Black "Sun, Christopher"]
[Result "0-1"]
[ECO "C02"]
[WhiteElo "1907"]
[BlackElo "1711"]
[Annotator "RC"]
[PlyCount "112"]
[EventDate "2024.10.03"]
[EventType "team-swiss"]
[EventRounds "7"]
[EventCountry "GER"]
[SourceTitle "playchess.com"]
[Source "ChessBase"]
[SourceQuality "1"]
[TimeControl "40/5400+30:1800+30"]

1. e4 e6 2. d4 d5 3. e5 c5 4. c3 Nc6 5. Nf3 Qb6 6. Bd3 Bd7 7. O-O cxd4 8. Re1 dxc3 9. Nxc3 Nge7 10. h4 d4 11. Nb5 Nd5 12. Bc4 Bc5 13. Bxd5 Qxb5 14. Be4 h6 15. a3 a5 16. Bf4 Rd8 17. Nd2 Be7 18. a4 Qb6 19. Qg4 g5 20. Bg3 Qb4 21. Nf3 h5 22. Qh3 g4 23. Qh2 gxf3 24. Bxf3 Qb3 25. Bf4 Nb4 26. Ra3 Qxb2 27. Bc1 Qc2 28. Be4 Qc7 29. Rf3 Bc6 30. Qf4 Bf8 31. Qf6 Rg8 32. Bh7 Bxf3 33. Bxg8 Nd3 34. Bg5 Rc8 35. Rb1 Bd5 36. f4 Qe7 37. Qh8 Qc5 38. Qh7 Rc7 39. Qxd3 Qc2 40. Qxc2 Rxc2 41. Bh7 Rxg2+ 42. Kf1 Bc5 43. Bd3 b6 44. Bc4 Rc2 45. Bxd5 exd5 46. Rb3 Ra2 47. f5 Rxa4 48. Rg3 Ra3 49. Rg2 Ra1+ 50. Ke2 Ra2+ 51. Kf3 Rxg2 52. Kxg2 a4 53. Bc1 a3 54. Kf2 d3+ 55. Ke1 Bb4+ 56. Kd1 d2 0-1

[Event "DLM Youth 2024"]
[Site "Tuebingen"]
[Date "2024.10.04"]
[Round "4"]
[White "Jacobasch, Ronja"]
[Black "Andersen, Jonathan"]
[Result "0-1"]
[ECO "A08"]
[WhiteElo "1879"]
[BlackElo "1676"]
[Annotator "NA RC"]
[PlyCount "70"]
[EventDate "2024.10.03"]
[EventType "team-swiss"]
[EventRounds "7"]
[EventCountry "GER"]
[SourceTitle "playchess.com"]
[Source "ChessBase"]
[SourceQuality "1"]
[TimeControl "40/5400+30:1800+30"]

1. Nf3 Nf6 2. g3 g6 3. Bg2 Bg7 4. O-O c5 5. d3 O-O 6. e4 d5 7. exd5 Nxd5 8. Nbd2 Nc6 9. a4 Bg4 10. h3 Bxf3 11. Nxf3 e6 12. c3 Rc8 13. Be3 Qd6 14. Qd2 Na5 15. Rad1 Nb3 16. Qc2 Nd4 17. Bxd4 cxd4 18. c4 Nb4 19. Qb3 b6 20. Ng5 a5 21. Ne4 Qe7 22. f4 f5 23. Ng5 h6 24. Nf3 Rc5 25. Rde1 Qd6 26. Re2 Re8 27. Rfe1 Kh7 28. Ne5 g5 29. Qd1 gxf4 30. gxf4 Bxe5 31. Rxe5 Rxe5 32. Rxe5 Qe7 33. Qe2 Qf6 34. Kh1 Qg6 35. Rb5 Rg8 0-1

[Event "DLM Youth 2024"]
[Site "Tuebingen"]
[Date "2024.10.04"]
[Round "4"]
[White "Hubert, Charlotte"]
[Black "Herrmann, Arthur"]
[Result "1-0"]
[ECO "B33"]
[WhiteElo "1878"]
[BlackElo "2031"]
[Annotator "RC"]
[PlyCount "41"]
[EventDate "2024.10.03"]
[EventType "team-swiss"]
[EventRounds "7"]
[EventCountry "GER"]
[SourceTitle "playchess.com"]
[Source "ChessBase"]
[SourceQuality "1"]
[TimeControl "40/5400+30:1800+30"]

1. e4 c5 2. Nf3 Nc6 3. d4 cxd4 4. Nxd4 Qb6 5. Nb3 Nf6 6. Nc3 e6 7. Be3 Qc7 8. a3 a6 9. f4 d6 10. g4 d5 11. exd5 Nxd5 12. Nxd5 exd5 13. Qe2 Bd6 14. O-O-O O-O 15. f5 Ne5 16. Bd4 Bd7 17. Kb1 Rfe8 18. Bg2 Bb5 19. Qd2 Bc4 20. Na5 Rad8 21. Rhe1 1-0

[Event "DLM Youth 2024"]
[Site "Tuebingen"]
[Date "2024.10.04"]
[Round "4"]
[White "Fischermann, Simon"]
[Black "Bezsonna, Polina"]
[Result "1/2-1/2"]
[ECO "B31"]
[WhiteElo "1873"]
[BlackElo "1905"]
[Annotator "RC"]
[PlyCount "52"]
[EventDate "2024.10.03"]
[EventType "team-swiss"]
[EventRounds "7"]
[EventCountry "GER"]
[SourceTitle "playchess.com"]
[Source "ChessBase"]
[SourceQuality "1"]
[TimeControl "40/5400+30:1800+30"]

1. e4 c5 2. Nc3 Nc6 3. Bb5 Nd4 4. Nf3 g6 5. O-O Bg7 6. Re1 a6 7. Bd3 d6 8. Nxd4 cxd4 9. Ne2 d5 10. exd5 Qxd5 11. b3 Nh6 12. Bb2 O-O 13. Ng3 e5 14. a4 Kh8 15. Qf3 Qxf3 16. gxf3 Bd7 17. Be4 Bc6 18. Bxc6 bxc6 19. Ba3 Rfd8 20. d3 f5 21. Nf1 Nf7 22. Nd2 Bf8 23. Bxf8 Rxf8 24. Nc4 Rfe8 25. a5 Re6 26. Ra4 Ng5 1/2-1/2

[Event "DLM Youth 2024"]
[Site "Tuebingen"]
[Date "2024.10.04"]
[Round "4"]
[White "Yin, Vito"]
[Black "Bundan, Edward"]
[Result "0-1"]
[ECO "E20"]
[WhiteElo "1859"]
[BlackElo "1952"]
[Annotator "NA RC"]
[PlyCount "62"]
[EventDate "2024.10.03"]
[EventType "team-swiss"]
[EventRounds "7"]
[EventCountry "GER"]
[SourceTitle "playchess.com"]
[Source "ChessBase"]
[SourceQuality "1"]
[TimeControl "40/5400+30:1800+30"]

1. c4 Nf6 2. Nc3 e6 3. d4 Bb4 4. Nf3 c5 5. g3 O-O 6. Bg2 Ne4 7. Bd2 Bxc3 8. bxc3 f5 9. O-O d6 10. Qc2 Nd7 11. Rfd1 Qe7 12. h4 h6 13. Ne1 Ndf6 14. Nd3 e5 15. Be3 b6 16. a4 Ba6 17. Qb3 Rac8 18. Bh3 cxd4 19. c5+ d5 20. cxd4 exd4 21. Bxd4 Bc4 22. Qa3 bxc5 23. Bxf5 Rc7 24. Bxf6 Qxf6 25. Bxe4 dxe4 26. Nf4 g5 27. hxg5 hxg5 28. Nh3 Be6 29. g4 Bxg4 30. Kg2 Bxh3+ 31. Kxh3 Rh7+ 0-1

[Event "DLM Youth 2024"]
[Site "Tuebingen"]
[Date "2024.10.04"]
[Round "4"]
[White "Stehning, Toni"]
[Black "Kovalskyy, Alicia"]
[Result "1-0"]
[ECO "C54"]
[WhiteElo "1817"]
[BlackElo "1908"]
[Annotator "RC"]
[PlyCount "54"]
[EventDate "2024.10.03"]
[EventType "team-swiss"]
[EventRounds "7"]
[EventCountry "GER"]
[SourceTitle "playchess.com"]
[Source "ChessBase"]
[SourceQuality "1"]
[TimeControl "40/5400+30:1800+30"]

1. e4 e5 2. Nf3 Nc6 3. Bc4 Bc5 4. c3 Nf6 5. d4 exd4 6. e5 d5 7. Bb5 Ne4 8. cxd4 Bb6 9. Nc3 O-O 10. Be3 Bg4 11. Qc2 Bf5 12. Qe2 f6 13. Nxd5 Kh8 14. Nxb6 axb6 15. Bxc6 bxc6 16. O-O Bg4 17. Qd3 Bxf3 18. gxf3 Ng5 19. Bxg5 fxg5 20. Rfe1 Qd5 21. Qe4 Qe6 22. Rac1 Qh3 23. Rxc6 Rf4 24. Qd5 Rxf3 25. Rf6 Qg4+ 26. Kh1 gxf6 27. Qxa8+ Kg7 1-0

[Event "DLM Youth 2024"]
[Site "Tuebingen"]
[Date "2024.10.04"]
[Round "4"]
[White "Wartenberg, Alissa"]
[Black "Glowiak, Alexandra"]
[Result "1-0"]
[ECO "C64"]
[WhiteElo "1813"]
[BlackElo "1839"]
[Annotator "NA RC"]
[PlyCount "36"]
[EventDate "2024.10.03"]
[EventType "team-swiss"]
[EventRounds "7"]
[EventCountry "GER"]
[SourceTitle "playchess.com"]
[Source "ChessBase"]
[SourceQuality "1"]
[TimeControl "40/5400+30:1800+30"]

1. e4 e5 2. Nf3 Nc6 3. Bb5 Bc5 4. c3 Nge7 5. O-O a6 6. Ba4 b5 7. Bb3 O-O 8. d4 exd4 9. cxd4 Bb6 10. Bg5 Na5 11. Bc2 f6 12. Be3 Bb7 13. e5 Nd5 14. Qd3 f5 15. Bg5 Qe8 16. a3 h6 17. Bd2 Nc4 18. Bc1 Qh5 1-0

[Event "DLM Youth 2024"]
[Site "Tuebingen"]
[Date "2024.10.04"]
[Round "4"]
[White "Ensslen, Jakob"]
[Black "Goepfert, Gregor"]
[Result "0-1"]
[ECO "D02"]
[WhiteElo "1774"]
[BlackElo "1759"]
[Annotator "NA RC"]
[PlyCount "114"]
[EventDate "2024.10.03"]
[EventType "team-swiss"]
[EventRounds "7"]
[EventCountry "GER"]
[SourceTitle "playchess.com"]
[Source "ChessBase"]
[SourceQuality "1"]
[TimeControl "40/5400+30:1800+30"]

1. d4 d5 2. Bf4 Nf6 3. e3 Bf5 4. Bd3 Bxd3 5. Qxd3 c6 6. Nd2 e6 7. Ngf3 Nbd7 8. h3 Be7 9. Ne5 Nxe5 10. Bxe5 Qb6 11. Qb3 O-O 12. O-O Rfe8 13. c4 Qxb3 14. axb3 a6 15. c5 Nd7 16. Bh2 e5 17. Rfe1 Bf6 18. Nf3 exd4 19. exd4 Re4 20. Rxe4 dxe4 21. Ne5 Rd8 22. f4 exf3 23. Nxf3 Nf8 24. Ra4 Ne6 25. Bd6 h5 26. g3 g5 27. Ne5 Bxe5 28. Bxe5 Rd5 29. Rb4 Nxc5 30. dxc5 Rxe5 31. Rxb7 Rxc5 32. Rb6 Rb5 33. Rxa6 Rxb3 34. Rxc6 Rxg3+ 35. Kh2 Rb3 36. Rc2 Kg7 37. Rg2 Kg6 38. Rf2 h4 39. Kg2 f6 40. Kh2 Kg7 41. Kg2 Kg6 42. Kh2 f5 43. Rg2 Kf6 44. Re2 g4 45. hxg4 fxg4 46. Rc2 Kg5 47. Rc5+ Kf4 48. Rc4+ Kf3 49. Rc2 h3 50. Rd2 Kf4 51. Re2 Kg5 52. Rc2 Kh4 53. Rd2 g3+ 54. Kg1 Re3 55. Kf1 Rf3+ 56. Kg1 h2+ 57. Kg2 Rf2+ 0-1

[Event "DLM Youth 2024"]
[Site "Tuebingen"]
[Date "2024.10.04"]
[Round "4"]
[White "Aguike, Toshiya"]
[Black "Steinbrenner, Peter"]
[Result "0-1"]
[ECO "B92"]
[WhiteElo "1719"]
[BlackElo "1952"]
[Annotator "RC"]
[PlyCount "146"]
[EventDate "2024.10.03"]
[EventType "team-swiss"]
[EventRounds "7"]
[EventCountry "GER"]
[SourceTitle "playchess.com"]
[Source "ChessBase"]
[SourceQuality "1"]
[TimeControl "40/5400+30:1800+30"]

1. e4 c5 2. Nf3 d6 3. d4 cxd4 4. Nxd4 Nf6 5. Nc3 a6 6. Be2 e5 7. Nf3 Be7 8. h3 Be6 9. Be3 b5 10. Ng5 d5 11. exd5 Bxd5 12. Nxd5 Nxd5 13. Ne4 Nxe3 14. Qxd8+ Bxd8 15. fxe3 O-O 16. O-O-O Bb6 17. Rd3 Nc6 18. g4 Nb4 19. Rb3 Nd5 20. Kd2 Rfd8 21. Rd3 Nb4 22. Rxd8+ Rxd8+ 23. Bd3 Nd5 24. c3 Bxe3+ 25. Kc2 Nf4 26. Bf1 g6 27. g5 Ne6 28. h4 Nc5 29. Nxc5 Rd2+ 30. Kb3 Bxc5 31. Bh3 Bf2 32. Bc8 a5 33. Bb7 Bc5 34. a3 b4 35. Re1 bxa3 36. bxa3 Bd6 37. a4 h6 38. Kc4 Rh2 39. Re4 hxg5 40. hxg5 Rh3 41. Rg4 Kg7 42. Be4 Bc7 43. Rg2 Bd8 44. Kd5 Rxc3 45. Kxe5 Ra3 46. Bc2 Bxg5 47. Kd5 Be7 48. Kc4 Rf3 49. Kb5 Bb4 50. Kc4 f5 51. Kd4 Kf6 52. Kd5 g5 53. Bb1 g4 54. Bc2 Kg5 55. Ke5 Bc3+ 56. Ke6 Re3+ 57. Kd5 f4 58. Kc4 f3 59. Rg1 f2 60. Rf1 Be1 61. Kd4 Kf4 62. Rh1 Bc3+ 63. Kd5 Re1 64. Rh8 Bxh8 65. Bd3 Rd1 66. Kc5 Bd4+ 67. Kc6 Rxd3 68. Kb5 f1=Q 69. Kc6 Rc3+ 70. Kd5 Qc4+ 71. Kd6 Qc6+ 72. Ke7 Re3+ 73. Kf8 Qe8# 0-1

[Event "DLM Youth 2024"]
[Site "Tuebingen"]
[Date "2024.10.04"]
[Round "4"]
[White "Hoffmann, Sophia"]
[Black "Bursan, Ana-Maria"]
[Result "1/2-1/2"]
[ECO "D02"]
[WhiteElo "1718"]
[BlackElo "1769"]
[Annotator "NA RC"]
[PlyCount "72"]
[EventDate "2024.10.03"]
[EventType "team-swiss"]
[EventRounds "7"]
[EventCountry "GER"]
[SourceTitle "playchess.com"]
[Source "ChessBase"]
[SourceQuality "1"]
[TimeControl "40/5400+30:1800+30"]

1. d4 d5 2. Nf3 Nf6 3. Bf4 c5 4. e3 Qb6 5. Qc1 cxd4 6. exd4 Nc6 7. c3 Bg4 8. Nbd2 e6 9. Bd3 Nh5 10. Bg3 Nxg3 11. hxg3 Bd6 12. Qc2 h6 13. Nh2 f5 14. Nxg4 fxg4 15. Bg6+ Kd7 16. Bh5 Rac8 17. Bxg4 Nxd4 18. Qg6 Nf5 19. Bxf5 exf5 20. Qxf5+ Kc7 21. O-O-O Kb8 22. Qxd5 Ba3 23. Qe5+ Bd6 24. Qxg7 Rxc3+ 25. bxc3 Ba3+ 26. Kc2 Qb2+ 27. Kd3 Qb5+ 28. c4 Qf5+ 29. Ne4 Rd8+ 30. Kc3 Qa5+ 31. Kc2 Qa4+ 32. Kc3 Bb4+ 33. Kb2 Ba3+ 34. Kc3 Bb4+ 35. Kb2 Ba3+ 36. Kc3 Bb4+ 1/2-1/2

[Event "DLM Youth 2024"]
[Site "Tuebingen"]
[Date "2024.10.04"]
[Round "4"]
[White "Dohon, Maria-Johanna"]
[Black "Huppert, Anna"]
[Result "1-0"]
[ECO "E11"]
[WhiteElo "1717"]
[BlackElo "1661"]
[Annotator "NA RC"]
[PlyCount "75"]
[EventDate "2024.10.03"]
[EventType "team-swiss"]
[EventRounds "7"]
[EventCountry "GER"]
[SourceTitle "playchess.com"]
[Source "ChessBase"]
[SourceQuality "1"]
[TimeControl "40/5400+30:1800+30"]

1. d4 Nf6 2. c4 e6 3. Nf3 Bb4+ 4. Bd2 Bxd2+ 5. Nbxd2 O-O 6. e3 b6 7. Bd3 Bb7 8. O-O d5 9. Rc1 Ne4 10. Qc2 f5 11. cxd5 exd5 12. Qxc7 Qxc7 13. Rxc7 Rf7 14. Rxf7 Kxf7 15. Ne5+ Kg8 16. Nxe4 fxe4 17. Bb5 a6 18. Ba4 b5 19. Bb3 a5 20. Rc1 Na6 21. a3 a4 22. Bd1 Rc8 23. Rxc8+ Bxc8 24. Kf1 Nc7 25. Ke1 g6 26. Kd2 Kf8 27. Kc3 Na6 28. Be2 Nc7 29. Kb4 Ba6 30. Nd7+ Ke7 31. Nc5 Bc8 32. Bxb5 Nxb5 33. Kxb5 g5 34. Kc6 Be6 35. Nxe6 Kxe6 36. Kb5 g4 37. Kxa4 Kd6 38. Kb5 1-0

[Event "DLM Youth 2024"]
[Site "Tuebingen"]
[Date "2024.10.04"]
[Round "4"]
[White "Busch, Lara Sophie"]
[Black "Stiehler, Mara"]
[Result "1-0"]
[ECO "C01"]
[WhiteElo "1714"]
[BlackElo "1601"]
[Annotator "NA RC"]
[PlyCount "51"]
[EventDate "2024.10.03"]
[EventType "team-swiss"]
[EventRounds "7"]
[EventCountry "GER"]
[SourceTitle "playchess.com"]
[Source "ChessBase"]
[SourceQuality "1"]
[TimeControl "40/5400+30:1800+30"]

1. e4 e6 2. d4 d5 3. exd5 exd5 4. c4 Bb4+ 5. Nc3 Nf6 6. Bd3 dxc4 7. Bxc4 O-O 8. Nge2 Nc6 9. O-O Bf5 10. a3 Bd6 11. Ng3 Bxg3 12. hxg3 Nxd4 13. Bg5 Ne6 14. Bxe6 fxe6 15. Qb3 b6 16. Rad1 Qe8 17. f3 Qg6 18. Bf4 Nh5 19. Rf2 Nxf4 20. gxf4 Kh8 21. Rfd2 h5 22. Kf2 h4 23. Ne2 Rae8 24. Rh1 Qh6 25. Qc3 Rf7 26. Qe5 1-0

[Event "DLM Youth 2024"]
[Site "Tuebingen"]
[Date "2024.10.04"]
[Round "4"]
[White "Loos, Tilda"]
[Black "Tu, Tiffany"]
[Result "0-1"]
[ECO "C54"]
[WhiteElo "1700"]
[BlackElo "1675"]
[Annotator "NA RC"]
[PlyCount "94"]
[EventDate "2024.10.03"]
[EventType "team-swiss"]
[EventRounds "7"]
[EventCountry "GER"]
[SourceTitle "playchess.com"]
[Source "ChessBase"]
[SourceQuality "1"]
[TimeControl "40/5400+30:1800+30"]

1. e4 e5 2. Nf3 Nc6 3. Bc4 Nf6 4. d3 Bc5 5. c3 d6 6. b4 Bb6 7. a4 a6 8. O-O O-O 9. Nbd2 Re8 10. Bb3 Ne7 11. Nc4 Ba7 12. Bg5 Ng6 13. Re1 h6 14. Be3 Bxe3 15. Nxe3 Nf4 16. Nf1 Nh7 17. Ng3 Qf6 18. d4 Bg4 19. h3 Bxf3 20. Qxf3 Nxh3+ 21. Kf1 Qxf3 22. gxf3 N7g5 23. Bd1 g6 24. Be2 c6 25. Red1 Rac8 26. dxe5 dxe5 27. Rd7 b5 28. axb5 cxb5 29. Rxa6 Rxc3 30. Bxb5 Rb8 31. Rd5 Nf4 32. Rd1 Rxb5 33. Ne2 Nxe2 34. Kxe2 Nxf3 35. Ra8+ Kg7 36. Ra4 Nd4+ 37. Kf1 Rb3 38. Ra5 Rxa5 39. bxa5 Ra3 40. f4 Rxa5 41. fxe5 Nf3 42. Kg2 Nxe5 43. Re1 h5 44. Rh1 Ra4 45. Re1 Nd3 46. Re3 Ne5 47. Kg3 g5 0-1

[Event "DLM Youth 2024"]
[Site "Tuebingen"]
[Date "2024.10.04"]
[Round "4"]
[White "Ratushna, Olha"]
[Black "Noennig, Lotte"]
[Result "1-0"]
[ECO "C47"]
[WhiteElo "1644"]
[BlackElo "1658"]
[Annotator "NA RC"]
[PlyCount "58"]
[EventDate "2024.10.03"]
[EventType "team-swiss"]
[EventRounds "7"]
[EventCountry "GER"]
[SourceTitle "playchess.com"]
[Source "ChessBase"]
[SourceQuality "1"]
[TimeControl "40/5400+30:1800+30"]

1. e4 e5 2. Nf3 Nc6 3. Nc3 Nf6 4. d4 exd4 5. Nxd4 Bb4 6. Nxc6 bxc6 7. Bd3 d5 8. exd5 cxd5 9. O-O O-O 10. h3 c6 11. Qf3 Rb8 12. Bf4 Bd6 13. Bxd6 Qxd6 14. b3 Re8 15. Rfe1 Rxe1+ 16. Rxe1 Qb4 17. Kf1 Be6 18. Na4 Re8 19. Qe2 g6 20. Qd1 Qd6 21. Kg1 Kg7 22. Qd2 c5 23. c3 Rd8 24. Bc2 Qc7 25. Qg5 c4 26. b4 d4 27. Nc5 d3 28. Bd1 Bf5 29. g4 Bd7 1-0

[Event "DLM Youth 2024"]
[Site "Tuebingen"]
[Date "2024.10.04"]
[Round "4"]
[White "Roessling, Laura Marie"]
[Black "Geist, Tim"]
[Result "0-1"]
[ECO "B90"]
[WhiteElo "1624"]
[BlackElo "1977"]
[Annotator "RC"]
[PlyCount "70"]
[EventDate "2024.10.03"]
[EventType "team-swiss"]
[EventRounds "7"]
[EventCountry "GER"]
[SourceTitle "playchess.com"]
[Source "ChessBase"]
[SourceQuality "1"]
[TimeControl "40/5400+30:1800+30"]

1. e4 c5 2. Nf3 d6 3. d4 cxd4 4. Nxd4 Nf6 5. Nc3 a6 6. Bd3 e5 7. Nb3 Be7 8. O-O O-O 9. Kh1 b5 10. f4 Nbd7 11. f5 Bb7 12. Qf3 b4 13. Nd5 Nxd5 14. exd5 a5 15. c4 bxc3 16. bxc3 a4 17. Nd2 Bf6 18. c4 e4 19. Nxe4 Bxa1 20. Nxd6 Rb8 21. Nxb7 Rxb7 22. Ba3 Bf6 23. Bxf8 Qxf8 24. Bc2 Qb4 25. Qd1 Nb6 26. Re1 Re7 27. Rxe7 Bxe7 28. h3 Nxc4 29. Qe2 g6 30. fxg6 hxg6 31. Bxa4 Qxa4 32. Qxe7 Qd1+ 33. Kh2 Qxd5 34. Qe8+ Kg7 35. Qc8 Qe5+ 0-1

[Event "DLM Youth 2024"]
[Site "Tuebingen"]
[Date "2024.10.04"]
[Round "4"]
[White "Wang, Enya Marie"]
[Black "Meitzner, Jonathan Franz"]
[Result "0-1"]
[ECO "B22"]
[WhiteElo "1613"]
[BlackElo "1845"]
[Annotator "NA RC"]
[PlyCount "97"]
[EventDate "2024.10.03"]
[EventType "team-swiss"]
[EventRounds "7"]
[EventCountry "GER"]
[SourceTitle "playchess.com"]
[Source "ChessBase"]
[SourceQuality "1"]
[TimeControl "40/5400+30:1800+30"]

1. e4 c5 2. c3 Nf6 3. e5 Nd5 4. Nf3 e6 5. Bc4 Nb6 6. Bb3 Be7 7. O-O O-O 8. d4 cxd4 9. Nxd4 d6 10. Bf4 dxe5 11. Bxe5 N8d7 12. Bg3 Nf6 13. Nd2 a6 14. Re1 Nbd5 15. Bc2 Qd7 16. N2f3 Bd6 17. Bxd6 Qxd6 18. Qd2 b5 19. a4 b4 20. Ne2 bxc3 21. Nxc3 Bb7 22. Ng5 Qb4 23. Nce4 Nxe4 24. Qxb4 Nxb4 25. Bxe4 Bxe4 26. Rxe4 Rab8 27. Rd1 Nc2 28. Rb1 Na3 29. Rd1 Rxb2 30. h3 h6 31. Nf3 Rc8 32. Red4 Rb1 33. Rxb1 Nxb1 34. Rd6 a5 35. Ra6 Rc5 36. Nd4 Rc4 37. Nc6 Rxa4 38. Rxa5 Rxa5 39. Nxa5 Nc3 40. Nc4 Kf8 41. Kf1 Ke7 42. Ke1 Kf6 43. Kd2 Nd5 44. Ne3 Nxe3 45. Kxe3 Kg5 46. Ke4 f6 47. g3 h5 48. f3 h4 49. g4 0-1

[Event "DLM Youth 2024"]
[Site "Tuebingen"]
[Date "2024.10.04"]
[Round "4"]
[White "Krannich, Eva"]
[Black "Margaryan, Mane"]
[Result "0-1"]
[ECO "B06"]
[WhiteElo "1582"]
[BlackElo "1493"]
[Annotator "NA RC"]
[PlyCount "46"]
[EventDate "2024.10.03"]
[EventType "team-swiss"]
[EventRounds "7"]
[EventCountry "GER"]
[SourceTitle "playchess.com"]
[Source "ChessBase"]
[SourceQuality "1"]
[TimeControl "40/5400+30:1800+30"]

1. e4 c6 2. d4 g6 3. Nf3 Bg7 4. Bd3 d5 5. exd5 cxd5 6. h3 Nh6 7. c3 f6 8. Bf4 O-O 9. O-O Nf7 10. Re1 Re8 11. Bg3 e5 12. Bc2 b6 13. Nbd2 Bb7 14. Nf1 e4 15. N3h2 f5 16. Ne3 Nd7 17. Bb3 Nf6 18. Qe2 Nh5 19. Nxf5 Nxg3 20. Nxg3 Bh6 21. Ng4 Bf4 22. Nf1 a5 23. Ba4 Rf8 0-1

[Event "DLM Youth 2024"]
[Site "Tuebingen"]
[Date "2024.10.04"]
[Round "4"]
[White "Lu, Sheng"]
[Black "Albrecht, Sidney Jenna"]
[Result "1-0"]
[ECO "B73"]
[WhiteElo "1559"]
[BlackElo "1544"]
[Annotator "NA RC"]
[PlyCount "97"]
[EventDate "2024.10.03"]
[EventType "team-swiss"]
[EventRounds "7"]
[EventCountry "GER"]
[SourceTitle "playchess.com"]
[Source "ChessBase"]
[SourceQuality "1"]
[TimeControl "40/5400+30:1800+30"]

1. e4 c5 2. Nf3 Nc6 3. d4 cxd4 4. Nxd4 g6 5. Nc3 Bg7 6. Be3 Nf6 7. Be2 O-O 8. O-O d6 9. Qd2 Bd7 10. Rad1 Rc8 11. f3 Re8 12. Kh1 Nxd4 13. Bxd4 a6 14. Qe3 Bc6 15. Bb6 Qd7 16. e5 Qe6 17. exf6 Qxe3 18. Bxe3 Bxf6 19. Bd4 Bxd4 20. Rxd4 b5 21. Rc1 Red8 22. Nd5 Rc7 23. Nxc7 Rd7 24. Nxa6 Ra7 25. Nb4 Bd7 26. a3 Rb7 27. Re1 Kf8 28. Bd3 Ra7 29. Nd5 Bc6 30. Rxe7 Rxe7 31. Nxe7 Kxe7 32. Be4 Bd7 33. c4 bxc4 34. Rxc4 Ke6 35. Rc7 Ba4 36. b4 h5 37. Ra7 Bb5 38. a4 Bc4 39. b5 d5 40. Bc2 d4 41. b6 Bd5 42. Be4 Bxe4 43. fxe4 d3 44. Ra8 Ke7 45. Re8+ Kxe8 46. b7 d2 47. b8=Q+ Ke7 48. Qb1 d1=Q+ 49. Qxd1 1-0

[Event "DLM Youth 2024"]
[Site "Tuebingen"]
[Date "2024.10.04"]
[Round "4"]
[White "Baklan, Kira"]
[Black "Mersmann, Jasmin"]
[Result "1/2-1/2"]
[ECO "C28"]
[WhiteElo "1550"]
[BlackElo "1607"]
[Annotator "NA RC"]
[PlyCount "120"]
[EventDate "2024.10.03"]
[EventType "team-swiss"]
[EventRounds "7"]
[EventCountry "GER"]
[SourceTitle "playchess.com"]
[Source "ChessBase"]
[SourceQuality "1"]
[TimeControl "40/5400+30:1800+30"]

1. e4 e5 2. Nc3 Nf6 3. Bc4 Nc6 4. d3 d6 5. Bg5 Be7 6. a3 O-O 7. Nf3 Bg4 8. h3 Be6 9. Nd5 Nxd5 10. exd5 Bxd5 11. Bxe7 Nxe7 12. Bxd5 Nxd5 13. g3 Qd7 14. Qe2 f5 15. O-O-O Qe7 16. h4 Nb6 17. Ng1 Rae8 18. h5 Qg5+ 19. Kb1 Na4 20. d4 Nb6 21. Nf3 Qf6 22. dxe5 dxe5 23. Qe3 e4 24. Nd4 c5 25. Nb5 Nc4 26. Qb3 Qf7 27. Nxa7 Rd8 28. Ka1 Kh8 29. Rxd8 Rxd8 30. Nb5 Ne5 31. Qxf7 Nxf7 32. Kb1 h6 33. Kc1 Ne5 34. Rd1 Rxd1+ 35. Kxd1 Nf7 36. Ke2 Kh7 37. Ke3 g6 38. Kf4 Kg7 39. b4 cxb4 40. axb4 Kf6 41. hxg6 Kxg6 42. c4 Kf6 43. Nd4 Nd8 44. Nxf5 Ne6+ 45. Kg4 h5+ 46. Kxh5 Kxf5 47. Kh4 b6 48. Kh3 Kg5 49. Kg2 Kg4 50. Kf1 Kf3 51. Ke1 Nd4 52. c5 bxc5 53. bxc5 Nc6 54. Kf1 Nd4 55. Ke1 Nc6 56. Kf1 Ne5 57. Kg1 Nc6 58. Kf1 Ne5 59. Kg1 Nc6 60. Kf1 Ne5 1/2-1/2

[Event "DLM Youth 2024"]
[Site "Tuebingen"]
[Date "2024.10.04"]
[Round "4"]
[White "Wolf, Helena"]
[Black "Fischermann, Charlotte"]
[Result "1/2-1/2"]
[ECO "C54"]
[WhiteElo "1545"]
[BlackElo "1657"]
[Annotator "NA RC"]
[PlyCount "84"]
[EventDate "2024.10.03"]
[EventType "team-swiss"]
[EventRounds "7"]
[EventCountry "GER"]
[SourceTitle "playchess.com"]
[Source "ChessBase"]
[SourceQuality "1"]
[TimeControl "40/5400+30:1800+30"]

1. e4 e5 2. Nf3 Nc6 3. Bc4 Nf6 4. d3 Bc5 5. O-O d6 6. c3 Bd7 7. Bb3 Ne7 8. h3 h6 9. Re1 Ng6 10. Nbd2 O-O 11. Nf1 Re8 12. Ng3 Be6 13. Bxe6 fxe6 14. d4 exd4 15. cxd4 Bb4 16. Bd2 Bxd2 17. Qxd2 e5 18. dxe5 Nxe5 19. Nxe5 Rxe5 20. Qd3 Kf8 21. Rac1 Qd7 22. Qc4 Rc5 23. Qd4 Rxc1 24. Rxc1 c5 25. Qd3 b6 26. Rd1 Rd8 27. Qf3 Qe6 28. b3 d5 29. exd5 Rxd5 30. Rxd5 Qxd5 31. Qxd5 Nxd5 32. Ne4 Nb4 33. Nc3 Ke7 34. Kf1 Ke6 35. Ke2 Ke5 36. Kd2 Nc6 37. Ke3 Nd4 38. f4+ Ke6 39. Kd3 Kf5 40. Nd5 Ke6 41. Nc3 Nc6 42. Ke4 Nd4 1/2-1/2